Map: Acid Plant LE

Players

ShoWTimE - Winner!

  • Race: Protoss Protoss
  • Spawn Location: 11:00

Has

  • Race: Protoss Protoss
  • Spawn Location: 5:00

Event: WCS Valencia 2018

VOD

Have the link to the VOD?

Description

Time

  • Played on: July 14, 2018, 11:09 a.m.
  • Length: 8:01

All games in this series

Show
View Real Time Build Order
Export as new Build Order

ShoWTimE Protoss - Winner!

Build Orders: Phoenix Opening 

Get SALT Encoding   

  12  0:01  Probe  
  13  0:13  Probe  
  14  0:17  Pylon  
  14  0:24  Probe  
  15  0:32  Probe  
  15  0:37  Gateway  
  15  0:40  Probe  
  16  0:46  Assimilator  
  17  0:51  Probe  
  17  0:55  Assimilator  
  18  0:59  Probe  
  19  1:07  Probe  
  20  1:13  Gateway  
  20  1:18  Probe  
  20  1:24  Cybernetics Core  
  21  1:30  Probe  
  22  1:36  Pylon  
  22  1:42  Probe  
  23  1:54  Probe  
  23  2:00  Adept  
  23  2:01  Warp Gate, Adept  
  28  2:10  Pylon  
  28  2:16  Stargate  
  28  2:27  Adept  
  28  2:28  Adept  
  31  2:46  Pylon  
  31  2:51  Phoenix  
  31  2:55  Adept x2  
  37  3:10  Phoenix  
  35  3:32  Phoenix  
  37  3:46  Nexus  
  35  3:55  Robotics Facility  
  35  3:56  Probe  
  36  4:05  Void Ray  
  36  4:08  Probe  
  37  4:26  Pylon  
  37  4:27  Zealot  
  39  4:32  Probe  
  40  4:41  Observer  
  41  4:45  Probe  
  41  4:46  Pylon  
  42  4:55  Immortal  
  42  4:59  Probe  
  43  5:03  Probe  
  43  5:06  Sentry  
  50  5:10  Shield Battery  
  50  5:14  Probe  
  52  5:21  Probe  
  52  5:25  Zealot  
  52  5:26  Probe  
  55  5:29  Immortal  
  55  5:33  Probe  
  56  5:38  Probe  
  61  5:45  Probe  
  62  5:50  Probe  
  63  5:57  Probe  
  63  5:59  Pylon  
  63  6:02  Probe, Void Ray  
  69  6:08  Warp Prism  
  69  6:09  Probe  
  69  6:11  Pylon  
  73  6:23  Sentry  
  73  6:24  Gateway  
  74  6:26  Gateway  
  74  6:31  Gateway  
  74  6:34  Gateway  
  74  6:37  Sentry  
  76  6:42  Pylon  
  76  6:49  Adept  
  76  6:52  Gateway  
  78  6:56  Observer  
  78  7:00  Pylon  
  79  7:03  Adept  
  81  7:18  Adept x3  
  81  7:21  Probe x2  
  89  7:23  Gateway  
  89  7:32  Adept x3  
  89  7:37  Adept  
  89  7:41  Adept x2  
  95  7:48  Probe x2  
  95  7:52  Adept  
  95  7:54  Adept x3  
Show
View Real Time Build Order
Export as new Build Order

Has Protoss 

Build Orders: Blink Stalkers, Zealot Archon 

Get SALT Encoding   

  12  0:00  Probe  
  13  0:13  Probe  
  14  0:17  Pylon  
  14  0:23  Probe  
  15  0:31  Probe  
  16  0:37  Gateway  
  16  0:39  Probe  
  17  0:50  Probe  
  17  0:53  Assimilator  
  18  0:58  Probe, Assimilator  
  19  1:06  Probe  
  19  1:10  Gateway  
  20  1:17  Probe  
  20  1:24  Cybernetics Core  
  21  1:29  Probe  
  22  1:33  Pylon  
  22  1:41  Probe  
  23  1:54  Probe  
  24  2:00  Sentry, Stalker  
  28  2:02  Warp Gate  
  28  2:03  Pylon  
  28  2:06  Probe  
  29  2:18  Probe  
  30  2:26  Stalker  
  32  2:30  Stalker, Probe  
  35  2:46  Shield Battery  
  35  2:50  Twilight Council  
  36  3:01  Pylon  
  35  3:06  Pylon, Probe  
  35  3:08  Blink  
  32  3:32  Probe  
  31  3:49  Nexus  
  31  3:51  Probe  
  31  4:03  Probe  
  31  4:06  Stalker x2  
  35  4:13  Probe  
  33  4:21  Probe  
  33  4:30  Probe  
  32  4:33  Stalker  
  32  4:34  Stalker  
  37  4:42  Probe  
  38  4:54  Probe  
  38  4:57  Stalker  
  38  4:59  Stalker  
  43  5:02  Probe  
  43  5:06  Probe  
  45  5:14  Probe  
  45  5:17  Probe  
  47  5:22  Probe  
  47  5:23  Stalker  
  47  5:25  Probe  
  50  5:30  Probe  
  50  5:33  Probe  
  52  5:40  Probe  
  54  5:44  Probe  
  53  5:54  Nexus  
  53  5:56  Probe  
  54  5:58  Probe  
  54  6:02  Sentry  
  54  6:03  Sentry  
  59  6:08  Probe  
  59  6:10  Probe  
  61  6:11  Charge  
  61  6:16  Gateway  
  61  6:20  Probe  
  62  6:28  Pylon  
  62  6:32  Gateway  
  62  6:37  Gateway  
  62  6:39  Gateway  
  62  6:44  Gateway  
  62  6:49  Templar Archives  
  62  6:55  Probe  
  62  6:56  Probe  
  62  6:58  Pylon  
  64  7:01  Pylon  
  64  7:06  Zealot x2  
  64  7:08  Probe  
  69  7:09  Probe  
  69  7:10  Probe  
  71  7:20  Probe  
  72  7:22  Pylon  
  72  7:27  Zealot x3  
  76  7:36  Zealot x2  
  57  7:47  Zealot x3  
  57  7:48  High Templar x2  
  63  7:57  Archon  
Tags
 
Add a new tag
Caveats
  • Supply blocks, unpowered buildings, or Contaminate may cause inaccurate times.
  • Supply counts are checked every 10 seconds.